 Dungeon Crawl Stone Soup version 0.31.0-32-g396128a36d (webtiles) character file.

Game seed: 3343689727034798570

38 SacredBeard the Vexing (level 3, -1/26 HPs)
             Began as a Vampire Enchanter on Mar 31, 2024.
             Killed from afar by an orc wizard (8 damage)
             ... with a magic dart
             ... on level 3 of the Dungeon.
             The game lasted 00:02:23 (791 turns).

SacredBeard the Vexing (Vampire Enchanter)           Turns: 791, Time: 00:02:24

Health: -1/26      AC:  7    Str:  7    XL:     3   Next: 25%
Magic:  6/6        EV: 10    Int: 19    God:
Gold:   42         SH:  0    Dex: 14    Spells: 6/6 levels left

rFire   . . .        a - +1 dagger
rCold   . . .        (no shield)
rNeg    . . .        d - +0 ring mail
rPois   .            (no helmet)
rElec   .            (no cloak)
rCorr   .            e - +1 pair of gloves
SInv    +            (no boots)
Will    .....        (no amulet)
Stlth   +            (no ring)
HPRegen 0.44/turn    (no ring)
MPRegen 0.10/turn

%: no passive effects
@: confused, healing quickly, invisible
A: alive, fangs 3, see invisible, vampiric 2
a: Exsanguinate


You were on level 3 of the Dungeon.
You visited 1 branch of the dungeon, and saw 3 of its levels.

You collected 42 gold pieces.

Inventory:

Hand Weapons
 a - a +1 dagger (weapon)
Armour
 d - a +0 ring mail (worn)
 e - a +1 pair of gloves (worn)
Scrolls
 b - 2 scrolls of identify {unknown}
 f - a scroll of silence {unknown}
 g - a scroll of revelation {unknown}
 h - a scroll of torment {unknown}
Potions
 c - a potion of invisibility


   Skills:
 + Level 1.3 Fighting
 * Level 2.9 Short Blades
 - Level 2.1 Dodging
 - Level 4.4 Stealth
 - Level 2.0 Spellcasting
 - Level 4.4 Hexes


You had 6 spell levels left.
You didn't know any spells.
Your spell library contained the following spells:

 Spells                   Type           Power      Damage    Failure   Level
 Confusing Touch          Hex            18%        N/A       30%         3
 Tukima's Dance           Hex            18%        N/A       30%         3
 Ensorcelled Hibernation  Hex/Ice        20%        N/A       36%         2
 Dazzling Flash           Conj/Hex       20%        N/A       58%         3


Dungeon Overview and Level Annotations

Branches:
Dungeon (3/15)

Altars:

Annotations:
D:2 Sigmund


Innate Abilities, Weirdness & Mutations

Your natural rate of healing is accelerated.
You have razor-sharp teeth.
You have supernaturally acute eyesight. (SInv)
You are afflicted with vampirism and can become a bat while bloodless.


Message History

The orc closely misses you.
You hit the orc wizard.
The orc wizard is heavily wounded.
The orc barely misses you. The orc wizard barely misses you.
The orc hits you with a +0 hand axe.
You are too injured to fight recklessly!
You are too injured to fight recklessly!
You are too injured to fight recklessly!
You are too injured to fight recklessly!
You are too injured to fight recklessly!
You are too injured to fight recklessly!
You are too injured to fight recklessly!
You are too injured to fight recklessly!
You are too injured to fight recklessly!
You are too injured to fight recklessly!
You are too injured to fight recklessly!
You are too injured to fight recklessly!
You are too injured to fight recklessly!
You are too injured to fight recklessly!
You are too injured to fight recklessly!
You are too injured to fight recklessly!
You are too injured to fight recklessly!
You are too injured to fight recklessly!
You hit the orc wizard but do no damage.
The orc wizard is heavily wounded.
The orc hits you but does no damage.
The orc wizard hits you with a +0 dagger.
The orc hits you with a +0 hand axe.
You hit the orc wizard but do no damage.
The orc wizard is heavily wounded.
The orc hits you but does no damage. The orc wizard casts a spell at you.
You are confused.
The orc hits you with a +0 hand axe.
* * * LOW HITPOINT WARNING * * *
You fade into invisibility!
The orc hits you but does no damage.
The orc wizard points at you and mumbles some strange words.
The magic dart hits you!
You die...

#.....##
####...###
######...# #
#.........#
###.
#.#######.####
#....
#....####..#
#....##...#####
#....'>........
##...##@o!.....
#...##oo?.....
#...##..[.....
#...##........
#...##........
######........
#........
#########


You could see an orc wizard (invisible, unable to see you) and 2 orcs.

Vanquished Creatures
  2 dart slugs (D:1)
  A ribbon worm (D:3)
  3 ball pythons
  2 endoplasms
  A giant cockroach (D:1)
  4 goblins
  A hobgoblin (D:1)
  5 kobolds
  A quokka (D:1)
  5 bats
  4 frilled lizards (D:1)
  2 rats (D:1)
31 creatures vanquished.

Notes
Turn   | Place    | Note
-------+----------+-------------------------------------------
     0 | D:1      | SacredBeard the Vampire Enchanter began the quest for the
                  | Orb.
     0 | D:1      | Reached XP level 1. HP: 13/13 MP: 3/3
   148 | D:1      | Reached XP level 2. HP: 18/20 MP: 5/5
   248 | D:1      | Reached skill level 1 in Fighting
   494 | D:1      | Gained mutation: You are afflicted with vampirism and can
                  | become a bat while bloodless. [Vampire growth]
   494 | D:1      | Reached XP level 3. HP: 26/26 MP: 6/6
   565 | D:2      | Noticed Sigmund
   791 | D:3      | Killed from afar by an orc wizard

Illustrated notes

Levels and vault maps discovered:
D:1:      lightli_arrival_windingriver, layout_basic
D:2:      minmay_evil_eye, layout_rooms, uniq_terence, uniq_sigmund
D:3:      cheibrodos_thug_alley, layout_basic, overflow_temple_1_default,
          nicolae_goblin_pals, uniq_natasha, uniq_ijyb, uniq_grinder

Skill      XL: |  1  2 |
---------------+-------+-----
Short Blades   | 2 |  2.9
Fighting       | 1 |  1.3
Dodging        | |  2.1
Stealth        | |  4.4
Spellcasting   | |  2.0
Hexes          | |  4.4

Action                     || total
---------------------------++-------
  Melee: Dagger            ||   144
         Bite              ||    13
         Punch             ||     2
    Use: Potion            ||     1
   Stab: Sleeping          ||     7
 Armour: Robe              ||    10
         Ring mail         ||    94
  Dodge: Dodged            ||    95
